 Dungeon Crawl Stone Soup version 0.23.2-40-g277498a001 (webtiles) character file.

Game seed: 10940587994467509154

443 Laird the Spear-Bearer (level 7, -5/50 HPs)
             Began as a Merfolk Gladiator on Sept 26, 2019.
             Slain by an ogre
             ... wielding a +0 giant club
              (18 damage)
             ... on level 4 of the Dungeon.
             The game lasted 00:18:05 (4333 turns).

Laird the Spear-Bearer (Merfolk Gladiator)          Turns: 4333, Time: 00:18:05

Health: -5/50      AC:  4    Str: 15    XL:     7   Next: 2%
Magic:  7/7        EV: 15    Int:  7    God:
Gold:   179        SH:  0    Dex: 17    Spells: 6/6 levels left

rFire    . . .     SeeInvis .   p - +0 scythe
rCold    . . .     Gourm    .   (shield currently unavailable)
rNeg     . . .     Faith    .   b - +0 leather armour
rPois    .         Spirit   .   c - +0 helmet
rElec    .         Reflect  .   (no cloak)
rCorr    .         Harm     .   (no gloves)
MR       .....                  (no boots)
Stlth    ++........             (no amulet)
HPRegen  0.16/turn              (no ring)
MPRegen  0.10/turn              (no ring)

@: no status effects
A: change form in water, swift swim, stealthy swim
a: no special abilities


You were on level 4 of the Dungeon.
You were not hungry.

You visited 1 branch of the dungeon, and saw 4 of its levels.

You collected 179 gold pieces.

Inventory:

Hand Weapons
 a - a +0 trident
 p - a +0 scythe (weapon)
Missiles
 d - 3 throwing nets (quivered)
Armour
 b - a +0 leather armour (worn)
 c - a +0 helmet (worn)
 i - a +0 shield
 x - a +0 robe
Jewellery
 t - an uncursed ring of protection from fire {unknown}
Wands
 w - a wand of polymorph (14)
Scrolls
 g - a scroll of fog {unknown}
 j - a scroll of noise {unknown}
 l - a scroll of blinking {unknown}
 m - 2 scrolls of teleportation
 o - 5 scrolls of identify
 u - a scroll of amnesia {unknown}
Potions
 f - a potion of mutation
 h - a potion of degeneration {unknown}
 k - 6 potions of agility {unknown}
 n - 2 potions of flight {unknown}
 q - 2 potions of berserk rage {unknown}
 r - a potion of might {unknown}
 s - a potion of heal wounds {unknown}
 v - a potion of curing {unknown}
Comestibles
 e - 9 rations


   Skills:
 - Level 2.1 Fighting
 * Level 8.9 Polearms
 - Level 2.0 Throwing
 + Level 1.8 Armour
 + Level 5.1 Dodging
 + Level 1.6 Stealth
 + Level 1.6 Shields


You had 6 spell levels left.
You didn't know any spells.
Your spell library was empty.

Dungeon Overview and Level Annotations

Branches:
Dungeon (4/15)
 Temple: D:4-7

Altars:
Okawaru
Trog
Vehumet
Zin


Message History

You start resting.
HP restored.
You climb downwards.
There is a stone staircase leading up, spattered with blood here.
No target in view!
You slash the ogre!
The ogre is heavily wounded.
The ogre hits you with a +0 giant club!!
You hit the ogre but do no damage.
The ogre is heavily wounded.
The ogre misses you. The ogre hits you with a +0 giant club!
* * * LOW HITPOINT WARNING * * *
You are too injured to fight recklessly!
You barely miss the ogre.
The ogre is heavily wounded.
The ogre misses you.
You slash the ogre!
The ogre is almost dead.
The ogre hits you with a +0 giant club!!
You die...

##.# *#...********,,,..,,,,****,*
##.#*#...#* ***,.#,,,,*,*,,*
.#.##...#* *,.#,,,,,*,*,*
.#....#** *,.#**,,****,* .#....#
##.# **,,,,,,* ...#########
#####..# *,..,,,,*
..@..†.....#####......# *...,,,,*
⌠..#######....#.......###...,,,,*
...# ####..O@...).......,,,,*
...# ##..............,,,,* ####
#..<.>.........,,,,* ***
#.........##...,,,,* ,,**
#.........#*.#.***** *,,****
##.......##,,.,,,,,* **,,,,*
#.........#,,,,,,,,* ******
#.........#,,,,,,,,*
#.........#,,,,,,,,*


You could see an ogre.

Vanquished Creatures
  Sigmund (D:4)
  A scorpion (D:4)
  A howler monkey (D:3)
  An orc priest (D:2)
  An orc wizard (D:3)
  A worker ant (D:4)
  An ooze (D:1)
  An adder skeleton (D:4)
  2 dart slugs
  5 worms
  2 leopard geckos
  16 orcs
  3 giant cockroaches
  4 goblins
  8 hobgoblins
  3 jackals (D:2)
  2 quokkas (D:3)
  2 ball pythons
  11 bats
  5 frilled lizards
  5 kobolds
  3 rats
79 creatures vanquished.

Vanquished Creatures (others)
  A fungus (D:4)
  4 toadstools (D:4)
5 creatures vanquished.

Grand Total: 84 creatures vanquished

Notes
Turn   | Place    | Note
-------+----------+-------------------------------------------
     0 | D:1      | Laird the Merfolk Gladiator began the quest for the Orb.
     0 | D:1      | Reached XP level 1. HP: 16/16 MP: 1/1
   169 | D:1      | Reached skill level 5 in Polearms
   169 | D:1      | Reached XP level 2. HP: 19/22 MP: 2/2
   678 | D:1      | Reached XP level 3. HP: 27/27 MP: 3/3
  1804 | D:2      | Reached skill level 6 in Polearms
  2099 | D:3      | Reached XP level 4. HP: 27/33 MP: 4/4
  2211 | D:3      | Found a radiant altar of Vehumet.
  2278 | D:3      | Found a bloodstained altar of Trog.
  2278 | D:3      | Found a glowing silver altar of Zin.
  2314 | D:3      | Found an iron altar of Okawaru.
  2467 | D:3      | Reached skill level 1 in Shields
  2637 | D:2      | Reached XP level 5. HP: 30/38 MP: 5/5
  2748 | D:2      | Reached skill level 7 in Polearms
  2971 | D:3      | Reached skill level 1 in Armour
  3653 | D:4      | Noticed an ogre
  3753 | D:3      | Reached skill level 1 in Stealth
  3753 | D:3      | Reached XP level 6. HP: 40/44 MP: 6/6
  3955 | D:4      | Noticed Sigmund
  3991 | D:4      | Reached skill level 8 in Polearms
  4222 | D:4      | Killed Sigmund
  4222 | D:4      | Reached skill level 5 in Dodging
  4222 | D:4      | Reached XP level 7. HP: 34/50 MP: 7/7
  4333 | D:4      | Slain by an ogre

Skill      XL: |  1  2  3  4  5  6 |
---------------+-------------------+-----
Polearms       | 5 6 7 8 |  8.9
Shields        | 1 |  1.6
Armour         | 1 |  1.8
Stealth        | 1 |  1.6
Dodging        | 5 |  5.1
Fighting       | |  2.1
Throwing       | |  2.0

Action                   |  1- 3 |  4- 6 |  7- 9 || total
-------------------------+-------+-------+-------++-------
Melee: Trident           |   118 |   150 |     1 ||   269
       Scythe            |       |       |     4 ||     4
  Use: Scroll            |       |     3 |       ||     3
 Stab: Sleeping          |     1 |     4 |       ||     5
  Eat: Ration            |     1 |     2 |       ||     3
       Chunk             |     1 |     2 |       ||     3
Armor: Leather armour    |    30 |    23 |       ||    53
Dodge: Dodged            |    44 |    51 |     3 ||    98
Block: Shield            |    32 |    38 |       ||    70
